cohdb
Replays
Latest Replays
All Replays
Popular Replays
Top Player Replays
Match Explorer
How It Works
Community
CoH3 Stats
Reddit
Sign in to upload your games and track your stats! →
Sign in with Steam
Match 27898241
Unlisted
Match 27898241
Overview
Messages
Build Orders
End
Construct Barracks
Riflemen Squad
Riflemen Squad
Riflemen Squad
Riflemen Squad
Grenade Package
Construct Medical Station
Infantry Support Center
Construct Motor Pool
Selects Armored Battlegroup
Selects Strength in Steel
Selects M8 Scott SPG
Selects Veteran Crews
M8 Scott SPG
M1 Anti-tank Gun Team
Engineer Squad
M1918 Browning Automatic Rifles
M1 Anti-tank Gun Team
Munitions Surplus
Riflemen Squad
M1 Mortar Team
Construct Tank Depot
Selects UNKNOWN (2160077)
Selects Field Repairs
Selects War Machine
M4A3E8 Sherman Easy Eight
M1 Anti-tank Gun Team
Engineer Squad
FeriG
*Mule
aSIISymbiosis
InSaNiedi
0
0
Comments
sign in to comment!
No comments posted yet!